 Dungeon Crawl Stone Soup version 0.27-a0-1136-g0b992a5a9d (webtiles) character file.

Game seed: 11385058013914866685

409 Lanoc the Chiller (level 6, -7/51 HPs)
             Began as a Draconian Wanderer on May 5, 2021.
             Was a Believer of Elyvilon.
             Mangled by a two-headed ogre
             ... wielding a +0 giant spiked club
              (15 damage)
             ... on level 5 of the Dungeon.
             The game lasted 00:07:06 (4995 turns).

Lanoc the Chiller (Draconian Wanderer)              Turns: 4995, Time: 00:07:06

Health: -7/51      AC:  6    Str: 15    XL:     6   Next: 58%
Magic:  2/10       EV: 12    Int: 12    God:    Elyvilon [**....]
Gold:   87         SH:  4    Dex: 12    Spells: 7/11 levels left

rFire    . . .     SeeInvis .   a - +0 club
rCold    . . .     Faith    +   j - +0 buckler
rNeg     . . .     Spirit   .   (armour unavailable)
rPois    .         Reflect  .   (helmet restricted)
rElec    .         Harm     .   (no cloak)
rCorr    +         Rampage  .   (no gloves)
Will     .....                  (no boots)
Stlth    +.........             r - amulet of faith
HPRegen  0.17/turn              d - ring of resist corrosion
MPRegen  0.12/turn              i - ring of flight

@: flying
A: AC +6, unfitting armour, cold-blooded
a: Renounce Religion, Lesser Healing, Heal Other, Divine Protection


You were on level 5 of the Dungeon.
You worshipped Elyvilon.
Elyvilon was pleased with you.
You visited 1 branch of the dungeon, and saw 5 of its levels.

You collected 207 gold pieces.
You spent 120 gold pieces at shops.

Inventory:

Hand Weapons
 a - a +0 club (weapon)
Armour
 j - a +0 buckler (worn)
Jewellery
 d - a ring of resist corrosion (left hand)
 i - a ring of flight (right hand)
 r - an amulet of faith (around neck)
 x - an amulet of the acrobat
Wands
 n - a wand of flame (25)
Scrolls
 b - 3 scrolls of immolation {unknown}
 c - a scroll of teleportation
 f - a scroll of amnesia {unknown}
 g - a scroll of vulnerability {unknown}
 h - 2 scrolls of identify {unknown}
 k - 3 scrolls of blinking {unknown}
 p - a scroll of enchant armour {unknown}
 q - 2 scrolls of brand weapon {unknown}
 s - a scroll of fear {unknown}
 v - a scroll of summoning {unknown}
Potions
 l - 2 potions of curing
 m - 2 potions of might {unknown}
 o - a potion of ambrosia {unknown}
 t - a potion of mutation {unknown}
 u - a potion of haste {unknown}


   Skills:
 + Level 3.4 Fighting
 - Level 1.0 Throwing
 + Level 3.2 Dodging
 + Level 1.7 Shields
 - Level 3.0 Spellcasting
 * Level 4.7 Ice Magic
 + Level 1.7 Invocations
 - Level 1.0 Evocations


You had 7 spell levels left.
You knew the following spells:

 Your Spells              Type           Power      Damage    Failure   Level
a - Freeze                Ice            52%        1d7       4%          1
b - Frozen Ramparts       Ice            26%        1d4       14%         3

Your spell library contained the following spells:

 Spells                   Type           Power      Damage    Failure   Level
 Ozocubu's Armour         Ice            13%        N/A       14%         3
 Beastly Appendage        Tmut           2%         N/A       32%         1
 Shock                    Conj/Air       4%         1d3       32%         1
 Wereblood                Tmut           1%         N/A       43%         2
 Mephitic Cloud           Conj/Pois/Air  1%         N/A       67%         3
 Spider Form              Tmut/Pois      0%         N/A       67%         3
 Hailstorm                Conj/Ice       7%         3d4       77%         4
 Ice Form                 Ice/Tmut       7%         N/A       77%         4
 Metabolic Englaciation   Hex/Ice        3%         N/A       98%         5
 Hydra Form               Tmut           0%         N/A       100%        5


Dungeon Overview and Level Annotations

Branches:
Dungeon (5/15)
 Temple: D:4-7

Altars:
Cheibriados
Dithmenos
Elyvilon
Qazlal
Zin

Shops:
D:1 !   D:5 !


Innate Abilities, Weirdness & Mutations

Your plain brown scales are hard. (AC +6)
You cannot fit into any form of body armour.
You are cold-blooded and may be slowed by cold attacks.


Message History

Nothing appears to happen.
Casting: Frozen Ramparts (dangerous; 14% risk of failure)
Confirm with . or Enter, or press ? or * to list all spells.
Casting: Frozen Ramparts (dangerous; 14% risk of failure)
Press: ? - help, Dir - look around, f - activate The walls around you are covered in ice.
The wall freezes the two-headed ogre.
The wall freezes the two-headed ogre. x2
The two-headed ogre hits you with a +0 giant spiked club!!
The two-headed ogre barely misses you.
Casting: Frozen Ramparts (dangerous; 14% risk of failure)
Confirm with . or Enter, or press ? or * to list all spells.
Aiming: Freeze (safe; 4% risk of failure)
Press: ? - help, Shift-Dir - straight line, f - two-headed ogre
Aim: a two-headed ogre, wielding a +0 giant spiked club and a +0 giant club (lightly wounded)
You freeze the two-headed ogre.
The two-headed ogre is lightly wounded.
Casting: Freeze (safe; 4% risk of failure)
Confirm with . or Enter, or press ? or * to list all spells.
Aiming: Freeze (safe; 4% risk of failure)
Press: ? - help, Shift-Dir - straight line, f/p - two-headed ogre
Aim: a two-headed ogre, wielding a +0 giant spiked club and a +0 giant club (lightly wounded)
You freeze the two-headed ogre.
The two-headed ogre is moderately wounded.
The wall freezes the two-headed ogre.
The two-headed ogre hits you with a +0 giant spiked club!
The two-headed ogre hits you with a +0 giant club!
* * * LOW HITPOINT WARNING * * *
You feel much better.
The wall freezes the two-headed ogre.
The two-headed ogre barely misses you.
The two-headed ogre hits you with a +0 giant club!
It was a potion of cancellation.
Your magical effects are unravelling.
You feel magically purged.
Your magical contamination has completely faded away.
The frozen ramparts melt away.
The two-headed ogre hits you with a +0 giant spiked club!
* * * LOW HITPOINT WARNING * * *
The two-headed ogre hits you with a +0 giant club!
You die...

### ..≈# ... ≈≈#
#.# ..# #.# ..#
##.## #.#
###...### #.#
........# #O#
###...#.# #@#
##.##.# #.#
####.##.# #.#
.....##.########.#
#######..........#
############


You could see a two-headed ogre.

Vanquished Creatures
  A scorpion (D:4)
  A howler monkey (D:4)
  A centaur skeleton (D:4)
  3 iguanas (D:4)
  Jessica (D:3)
  A hound skeleton (D:4)
  6 adders
  An adder skeleton (D:4)
  A worm (D:3)
  2 dart slugs
  An orc (D:4)
  2 ball pythons
  10 endoplasms
  2 giant cockroaches
  12 goblins
  17 hobgoblins
  6 jackals (D:1)
  4 quokkas
  8 bats
  3 frilled lizards
  5 kobolds
  9 rats
97 creatures vanquished.

Notes
Turn   | Place    | Note
-------+----------+-------------------------------------------
     0 | D:1      | Lanoc the Draconian Wanderer began the quest for the Orb.
     0 | D:1      | Lanoc set off with the following items: a +0 club, a scroll
                  | of teleportation; and the following spells available to
                  | memorise: Freeze, Shock, Frozen Ramparts, Ozocubu's Armour,
                  | Mephitic Cloud, Hailstorm, Metabolic Englaciation
     0 | D:1      | Reached XP level 1. HP: 16/16 MP: 4/4
     2 | D:1      | Learned a level 1 spell: Freeze
   138 | D:1      | Reached XP level 2. HP: 18/23 MP: 0/6
   948 | D:1      | Reached XP level 3. HP: 29/29 MP: 3/7
  1062 | D:1      | Reached skill level 3 in Ice Magic
  1238 | D:1      | Found Cuymmuw's Distillery.
  1419 | D:1      | Learned a level 3 spell: Frozen Ramparts
  1988 | D:2      | Reached XP level 4. HP: 27/36 MP: 2/8
  3219 | D:3      | Found a faded altar of an unknown god.
  3219 | D:3      | Noticed Jessica
  3227 | D:3      | Killed Jessica
  3232 | D:3      | Became a worshipper of Elyvilon the Healer
  3232 | D:3      | Reached * piety under Elyvilon
  3298 | D:3      | Reached XP level 5. HP: 42/42 MP: 5/9
  3456 | D:3      | Found a glowing silver altar of Zin.
  3457 | D:3      | Noticed an angel
  3696 | D:3      | Found a stormy altar of Qazlal.
  3696 | D:3      | Found a snail-covered altar of Cheibriados.
  3821 | D:4      | Reached skill level 4 in Ice Magic
  3906 | D:4      | Reached skill level 1 in Shields
  4005 | D:4      | Reached skill level 1 in Invocations
  4007 | D:4      | Reached XP level 6. HP: 32/51 MP: 2/10
  4345 | D:4      | Reached ** piety under Elyvilon
  4475 | D:4      | Found a shadowy altar of Dithmenos.
  4756 | D:5      | Entered Level 5 of the Dungeon
  4838 | D:5      | Noticed an ice beast
  4917 | D:5      | Found Pimaun's Distillery.
  4922 | D:5      | Bought a potion of heal wounds for 75 gold pieces
  4922 | D:5      | Bought a potion of curing for 45 gold pieces
  4986 | D:5      | Noticed a two-headed ogre
  4995 | D:5      | Mangled by a two-headed ogre

Illustrated notes

Levels and vault maps discovered:
D:1:      wander_arrival_abandoned_jail, layout_basic, serial_shops, shop
D:2:      layout_loops_ring
D:3:      layout_rooms, gammafunk_temple_overflow_wave, zin_angel,
          ebering_ecumenical_altar_hall, uniq_jessica
D:4:      layout_basic, kennysheep_mini_moat, serial_glass, glass_columns_a,
          glass_columns_c
D:5:      layout_loops_ring, serial_shops, kennysheep_little_box,
          hangedman_feature_mirror, grunt_ministairs_6

Skill      XL: |  1  2  3  4  5 |
---------------+----------------+-----
Dodging        | 2 3 |  3.2
Ice Magic      | 3 4 |  4.7
Fighting       | 2 3 |  3.4
Shields        | 1 |  1.7
Invocations    | 1 |  1.7
Throwing       | |  1.0
Spellcasting   | |  3.0
Evocations     | |  1.0

Action                   |  1- 3 |  4- 6 || total
-------------------------+-------+-------++-------
Melee: Club              |    44 |    67 ||   111
       Tailslap          |     3 |    13 ||    16
 Cast: Freeze            |    72 |    89 ||   161
       Frozen Ramparts   |       |    11 ||    11
  Use: Potion            |       |     2 ||     2
 Stab: Distracted        |     1 |       ||     1
Armor: Skin              |    34 |    48 ||    82
Dodge: Dodged            |    77 |    98 ||   175
Block: Buckler           |       |    21 ||    21

Table legend: (Time is in decaauts)
 A = Elapsed time spent in this place.
 B = Non-inter-level travel time spent in this place.
 C = Inter-level travel time spent in this place.
 D = Time resting spent in this place.
 E = Time spent auto-exploring this place.
 F = Levels seen in this place.
 G = Mean time per level.
                   A        B        C        D        E       F      G
               +--------+--------+--------+--------+--------+-----+--------+
         Total |   5042 |   4913 |    129 |      0 |   4209 |   5 | 1008.4 |
       Dungeon |   5042 |   4913 |    129 |      0 |   4209 |   5 | 1008.4 |
               +--------+--------+--------+--------+--------+-----+--------+

Top non-repeatable levels by time:
     D:1: 1706 daAuts
     D:2: 1244 daAuts
     D:4: 1034 daAuts
     D:3: 861 daAuts
     D:5: 196 daAuts
